 Dungeon Crawl Stone Soup version 0.24.1-11-gbbbb2193e6 (webtiles) character file.

Game seed: 3747170618655929962, levelgen mode: deterministic

25 MadFisi the Skirmisher (level 2, -1/26 HPs)
             Began as a Draconian Berserker on May 11, 2020.
             Was a Follower of Trog.
             Slain by an orc wizard
             ... wielding a +0 dagger
              (3 damage)
             ... on level 4 of the Dungeon.
             The game lasted 00:06:48 (608 turns).

MadFisi the Skirmisher (Draconian Berserker)         Turns: 608, Time: 00:06:49

Health: -1/26      AC:  4    Str: 19    XL:     2   Next: 86%
Magic:  2/2        EV: 13    Int:  7    God:    Trog [*.....]
Gold:   30         SH:  0    Dex: 10    Spells: 1/1 levels left

rFire    . . .     SeeInvis .   j - +0 falchion
rCold    . . .     Gourm    .   (no shield)
rNeg     . . .     Faith    .   (armour unavailable)
rPois    .         Spirit   .   (helmet restricted)
rElec    .         Reflect  .   (no cloak)
rCorr    .         Harm     .   (no gloves)
MR       .....                  (no boots)
Stlth    +.........             (no amulet)
HPRegen  0.08/turn              (no ring)
MPRegen  0.08/turn              (no ring)

@: very slightly contaminated, hasted, invisible, very quick
A: unfitting armour, cold-blooded, AC +4
a: Berserk, Renounce Religion


You were on level 4 of the Dungeon.
You worshipped Trog.
Trog was aware of your devotion.
You were full.

You visited 1 branch of the dungeon, and saw 4 of its levels.

You collected 30 gold pieces.

Inventory:

Hand Weapons
 a - a +0 hand axe
 c - a +0 spear
 e - a +0 trident
 j - a +0 falchion (weapon)
Missiles
 d - 13 bolts
 g - 7 curare-tipped darts (quivered)
Armour
 i - a +0 chain mail
Comestibles
 b - 2 rations


   Skills:
 + Level 3.6 Fighting
 + Level 3.4 Axes
 + Level 3.1 Dodging


You had one spell level left.
You didn't know any spells.
Your spell library contained the following spells:

 Spells                   Type           Power        Failure   Level  Hunger
 Pain                     Necr           #...         43%         1    ##.....
 Conjure Flame            Conj/Fire      #.......     80%         3    ####...
 Regeneration             Chrm/Necr      #.........   80%         3    ####...
 Vampiric Draining        Necr           #.........   80%         3    ####...
 Bolt of Draining         Conj/Necr      #.........   100%        5    ######.
 Excruciating Wounds      Chrm/Necr      #.........   100%        5    ######.


Dungeon Overview and Level Annotations

Branches:
Dungeon (4/15)
 Temple: D:4-7

Altars:
Gozag
Kikubaaqudgha
Nemelex Xobeh


Innate Abilities, Weirdness & Mutations

Your plain brown scales are hard. (AC +4)
You cannot fit into any form of body armour.
You are cold-blooded and may be slowed by cold attacks.


Message History

Deactivating autopickup; reactivate with Ctrl-A.
The orc hits you with a +0 mace.
The orc warrior hits you from afar with a +0 halberd!
The orc completely misses you. The orc barely misses you.
The orc warrior hits you from afar with a +0 halberd!
You closely miss the orc. The orc barely misses you.
You riposte.
You barely miss the orc. The orc warrior misses you.
You barely miss the orc.
The orc warrior hits you from afar with a +0 halberd!
* * * LOW HITPOINT WARNING * * *
The orc hits you but does no damage.
It was a potion of invisibility.
You fade into invisibility!
The orc hits you but does no damage. The orc closely misses you.
You are very lightly contaminated with residual magic.
It was a potion of haste.
You feel yourself speed up. The orc closely misses you.
You riposte.
You barely miss the orc.
Your tail-slap misses the orc.
Something hits you.
You die...

#### ..% ##.#
#######
##...##.....#
#.....#o@...#
#....o.o...######
##.###..........#
# #.....####.#
####### #.# ##+##
#.# ##...## #.#
### ##.....##
####.#### #.##
##.......##
##.......#


You could see an orc warrior and 2 orcs.

Vanquished Creatures
  An adder (D:2)
  A worm (D:4)
  An orc (D:4)
  A giant cockroach (D:2)
  A goblin (D:2)
  2 hobgoblins (D:2)
  A kobold (D:2)
  A bat (D:3)
  A frilled lizard (D:4)
  4 rats
14 creatures vanquished.

Notes
Turn   | Place    | Note
-------+----------+-------------------------------------------
     0 | D:1      | MadFisi the Draconian Berserker began the quest for the
                  | Orb.
     0 | D:1      | Reached XP level 1. HP: 19/19 MP: 1/1
    12 | D:1      | You fall into a shaft and drop 1 floor!
    12 | D:2      | Found an opulent altar of Gozag.
    12 | D:2      | Found a sparkling altar of Nemelex Xobeh.
    88 | D:2      | Reached XP level 2. HP: 18/26 MP: 2/2
   415 | D:4      | Found an ancient bone altar of Kikubaaqudgha.
   420 | D:4      | Identified Ycliuboa's Disquisition on the Arsonist and
                  | Sinister Rites
   597 | D:4      | Noticed an orc warrior
   608 | D:4      | Slain by an orc wizard

Levels and vault maps discovered:
D:1:      saegor_arrival_simple_d, layout_loops_corners,
          minmay_gold_behind_fungi
D:2:      layout_loops_ring, grunt_temple_overflow_opulence, uniq_sigmund,
          uniq_natasha
D:3:      layout_basic, kennysheep_slug_shrine,
          chequers_ecumenical_altar_twisty, hangedman_decor_peaks_small,
          lemuel_blue_sif_altar
D:4:      layout_loops_corners, kiku_gazebo_garden_becter,
          ebering_ghost_rock_garden

Skill      XL: |  1  2 |
---------------+-------+-----
Dodging        | 3 |  3.1
Fighting       | |  3.6
Axes           | |  3.4

Action                   || total
-------------------------++-------
Melee: Hand axe          ||    46
       Tailslap          ||     7
       Falchion          ||     7
  Use: Scroll            ||     2
       Potion            ||     2
  Eat: Ration            ||     1
Armor: Skin              ||    19
Dodge: Dodged            ||    47
       Rpst.: Falchion   ||     2
